 Dungeon Crawl Stone Soup version 0.17-a0-1632-g0af21bd (webtiles) character file.

504 urechis the Ruffian (level 6, -10/62 HPs)
             Began as a Troll Warper on Aug 3, 2015.
             Mangled by urechis's ghost (13 damage)
             ... on level 4 of the Dungeon.
             The game lasted 00:06:29 (3186 turns).

urechis the Ruffian (Troll Warper)                  Turns: 3186, Time: 00:06:29

Health: -10/62     AC:  7    Str: 20    XL:     6   Next: 96%
Magic:  6/6        EV: 10    Int:  9    God:
Gold:   95         SH:  0    Dex: 11    Spells: 1 memorised, 6 levels left

rFire  . . .     SeeInvis .       - Unarmed
rCold  . . .     Clarity  .     n - +2 robe {rN+}
rNeg   + . .     SustAt   .     (no shield)
rPois  .         Gourm    +     (helmet restricted)
rElec  .         Spirit   .     (no cloak)
rCorr  .         Warding  .     (gloves unavailable)
rMut   .         Stasis   .     (boots unavailable)
MR     .....                    (no amulet)
Stlth  +.........               (no ring)
                                (no ring)

@: not resistant to hostile enchantments, very unstealthy
A: unfitting armour, claws 3, fast metabolism 3, gourmand, regeneration 2,
shaggy fur 1, tough skin 2
a: no special abilities


You were on level 4 of the Dungeon.
You were full.

You visited 1 branch of the dungeon, and saw 4 of its levels.
You also visited: Sewer.

You collected 95 gold pieces.

Inventory:

Missiles
 e - 5 tomahawks of dispersal (quivered)
Armour
 n - a +2 robe of positive energy (worn)
Magical devices
 u - a wand of fire (3)
Scrolls
 c - 4 scrolls of blinking
 f - a scroll of teleportation
 h - a scroll of recharging
 q - a scroll of random uselessness {unknown}
 s - 3 scrolls of noise
 v - a scroll of remove curse {unknown}
 w - a scroll of amnesia {unknown}
 x - 2 scrolls of identify
 y - a scroll of enchant weapon {unknown}
 B - a scroll of fog {unknown}
Potions
 g - 2 potions of mutation {unknown}
 i - a potion of berserk rage {unknown}
 j - 3 potions of heal wounds {unknown}
 k - a potion of lignification {unknown}
 l - 5 potions of curing {unknown}
 m - a potion of ambrosia {unknown}
 o - 3 potions of might {unknown}
 t - a potion of poison {unknown}
 z - 2 potions of flight {unknown}
 A - 2 potions of agility {unknown}
Books
 b - a book of Spatial Translocations

   Spells                             Type                      Level
   a - Apportation                    Translocation                1
   b - Blink                          Translocation                2
   c - Shroud of Golubria             Charms/Translocation         2
   d - Portal Projectile              Translocation                3
   e - Teleport Other                 Translocation                3
   f - Passage of Golubria            Translocation                4
Comestibles
 a - a meat ration
 d - 7 bread rations
 p - a royal jelly
 r - a beef jerky


   Skills:
 + Level 4.0 Fighting
 - Level 0.8 Throwing
 - Level 1.9 Dodging
 * Level 6.1 Unarmed Combat
 - Level 1.2 Spellcasting
 - Level 2.1 Translocations


You had 6 spell levels left.
You knew the following spells:

 Your Spells              Type           Power        Failure   Level  Hunger
a - Apportation           Tloc           #.........   14%         1    ##.....


Dungeon Overview and Level Annotations

Branches:
Dungeon (4/15)
 Temple: D:4-7

Altars:
Okawaru

Annotations:
D:4 urechis's ghost, average TrMo


Innate Abilities, Weirdness & Mutations

You are too large for most types of armour.
You have claws for hands.
Your metabolism is lightning-fast.
You like to eat raw meat.
You heal very quickly.
You are covered in fur (AC +1).
You have very tough skin (AC +2).


Message History

Urechis's ghost hits you!
You claw urechis's ghost!
Urechis's ghost is severely damaged.
You scratch urechis's ghost.
Urechis's ghost is severely damaged.
Urechis's ghost hits you!
* * * LOW HITPOINT WARNING * * *
You are too injured to fight recklessly!
You scratch urechis's ghost.
Urechis's ghost is severely damaged.
Urechis's ghost hits you but does no damage.
You closely miss urechis's ghost.
Urechis's ghost is severely damaged.
Urechis's ghost hits you!
* * * LOW HITPOINT WARNING * * *
Why would you want to do that?
You enter the shallow water.
Moving in this stuff is going to be slow.
Urechis's ghost hits you!
You die...

###### #....##
#####
##...≈≈###..≈##
##...#≈≈##≈...≈#
##....#≈≈#≈≈≈#≈.#
#.....#≈≈#≈≈≈#≈.#
##.....#.≈#≈.≈#≈.#
#..#...#≈≈#≈.≈#≈.#
..###..#≈≈#≈.≈#≈@#
..# #..#.≈#≈.≈#≈W#
..#
#.#≈...≈##≈≈..#
.....
.##...###.≈≈.#
..### .######
##≈..# ### ...##
[..# .... .....


You could see urechis's ghost.

Vanquished Creatures
  Sigmund (D:2)
  A big kobold (Sewer)
  A hound (D:4)
  A worker ant (D:4)
  6 adders
  5 river rats (Sewer)
  4 oozes
  2 worms
  4 giant geckos
  4 ball pythons
  11 giant cockroaches
  7 hobgoblins
  22 kobolds
  8 bats
  9 giant newts
  2 goblins
  25 rats
113 creatures vanquished.

Notes
Turn   | Place    | Note
--------------------------------------------------------------
     0 | D:1      | urechis the Troll Warper began the quest for the Orb.
     0 | D:1      | Reached XP level 1. HP: 19/19 MP: 1/1
   222 | D:1      | You fall through a shaft!
   226 | D:2      | Reached XP level 2. HP: 28/28 MP: 2/2
   483 | D:1      | Reached skill level 3 in Unarmed Combat
   485 | D:1      | Reached XP level 3. HP: 30/35 MP: 3/3
   961 | D:2      | Noticed Sigmund
   972 | D:2      | Killed Sigmund
   972 | D:2      | Reached skill level 4 in Unarmed Combat
   972 | D:2      | Reached XP level 4. HP: 9/45 MP: 4/4
   972 | D:2      | Reached XP level 5. HP: 10/53 MP: 5/5
  1568 | D:2      | Reached skill level 5 in Unarmed Combat
  2188 | D:3      | Found an iron altar of Okawaru.
  2414 | D:3      | Reached XP level 6. HP: 61/61 MP: 6/6
  2643 | D:4      | Found a glowing drain.
  2664 | Sewer    | Entered a sewer
  2875 | Sewer    | Reached skill level 6 in Unarmed Combat
  3175 | D:4      | Noticed urechis's ghost (average TrMo)
  3185 | D:4      | HP: 2/62 [urechis's ghost (14)]
  3186 | D:4      | Mangled by urechis's ghost

Vault maps used:
D:1:      onia_arrival_pentagram
D:2:      uniq_sigmund
D:3:      okawaru_ov_weapons_minmay
D:4:      lemuel_round_altar, temple_green, first_bread, gup_sewer_entry_pipe
Sewer:    sewer_minmay_treatment

Action                   |  1- 3 |  4- 6 || total
-------------------------+-------+-------++-------
Melee: Unarmed           |    73 |   242 ||   315
  Use: Scroll            |       |     4 ||     4
 Stab: Sleeping          |       |     2 ||     2
  Eat: Chunk             |     3 |    26 ||    29
       Pizza             |     1 |     1 ||     2
